 Dungeon Crawl Stone Soup version 0.23-a0-819-g6debee6 (console) character file.

149 bli the Slasher (level 5, -1/43 HPs)
             Began as a Barachi Monk on Jan 22, 2019.
             Slain by an orc
             ... wielding a +0 war axe
              (9 damage)
             ... on level 3 of the Dungeon.
             The game lasted 00:08:55 (2728 turns).

bli the Slasher (Barachi Monk)                      Turns: 2728, Time: 00:08:55

Health: -1/43      AC:  3    Str: 13    XL:     5   Next: 31%
Magic:  5/5        EV: 13    Int: 10    God:
Gold:   132        SH:  0    Dex: 15    Spells: 4/4 levels left

rFire    . . .     SeeInvis .   a - +0 falchion
rCold    . . .     Gourm    .   (no shield)
rNeg     . . .     Faith    .   r - +0 leather armour
rPois    .         Spirit   .   (no helmet)
rElec    .         Reflect  .   (no cloak)
rCorr    .         Harm     .   (no gloves)
MR       .....                  (no boots)
Stlth    ++........             (no amulet)
HPRegen  0.14/turn              (no ring)
MPRegen  0.09/turn              (no ring)

@: slow
A: +LOS, swims, slowness 1, strong legs 1
a: Hop


You were on level 3 of the Dungeon.
You were not hungry.

You visited 1 branch of the dungeon, and saw 3 of its levels.

You collected 132 gold pieces.

Inventory:

Hand Weapons
 a - a +0 falchion (weapon)
 k - a +0 hunting sling
 v - a +2 war axe of chopping
Missiles
 d - 34 sling bullets
 e - 142 stones (quivered)
 j - 21 poisoned needles
Armour
 b - a +0 robe
 r - a +0 leather armour (worn)
 t - a +0 ring mail
Scrolls
 f - 3 scrolls of identify {unknown}
 h - a scroll of blinking {unknown}
 l - a scroll of immolation {unknown}
 m - 4 scrolls of remove curse {unknown}
 o - a scroll of enchant armour {unknown}
 s - a scroll of teleportation {unknown}
 u - a scroll of fog {unknown}
Potions
 g - a potion of haste {unknown}
 i - a potion of flight {unknown}
 n - a potion of might {unknown}
 q - 2 potions of curing {unknown}
Comestibles
 c - 8 rations


   Skills:
 + Level 4.7 Fighting
 * Level 6.1 Long Blades
 * Level 0.5 Armour
 + Level 3.4 Dodging
 - Level 1.7 Stealth


You had 4 spell levels left.
You didn't know any spells.
Your spell library was empty.

Dungeon Overview and Level Annotations

Branches:
Dungeon (3/15)

Altars:

Annotations:
D:3 2 transporters, tidbits's ghost, amateur GnSk


Innate Abilities, Weirdness & Mutations

Shadows flee at your approach. (+LOS)
You can swim through water.
You cover ground slowly.
You can hop short distances.


Message History

The orc wizard mumbles some strange words.
The orc wizard blinks!
You closely miss the orc priest.
The orc priest is moderately wounded.
The orc priest barely misses you. The orc barely misses you.
You hit the orc priest but do no damage.
The orc priest is moderately wounded.
The orc priest closely misses you. The orc barely misses you.
You hit the orc priest.
The orc priest is severely wounded.
The orc priest misses you.
You hit the orc priest but do no damage.
The orc priest is severely wounded.
The orc hits you with a +0 war axe!
* * * LOW HITPOINT WARNING * * *
The orc priest completely misses you.
You hit the orc priest.
The orc priest is severely wounded.
The orc hits you with a +0 war axe!
You die...

#.#.# #.#.# #.#.# #### #.#.#
## #.... #.#.# #.
#....#####.# #. ..(......).#
#########. .....#o.(#.#
#......... .% #..##o#
#.##...... #...oo#
#.##......
#.#####.###@#.#####.#####...
#...........#.....#.# #...
########.#######....# #...
#....)......##..### #...
#.####.####.##..# #...
#.............# #...
#....####.###.# #... #....#
#.# #.# #### #..... ..# #.#
##.### #### #.########## #.
#.##........


You could see an orc priest, an orc wizard and 2 orcs.

Vanquished Creatures
  5 adders
  2 worms
  3 dart slugs
  A leopard gecko (D:3)
  8 orcs (D:3)
  13 bats
  6 giant cockroaches
  11 goblins
  10 hobgoblins
  4 frilled lizards
  10 kobolds
  A quokka skeleton (D:3)
  7 rats
81 creatures vanquished.

Notes
Turn   | Place    | Note
-------+----------+-------------------------------------------
     0 | D:1      | bli the Barachi Monk began the quest for the Orb.
     0 | D:1      | Reached XP level 1. HP: 18/18 MP: 1/1
    56 | D:1      | Reached skill level 4 in Long Blades
    56 | D:1      | Reached XP level 2. HP: 19/25 MP: 2/2
   556 | D:1      | Reached XP level 3. HP: 30/30 MP: 3/3
   843 | D:2      | Reached skill level 5 in Long Blades
  1040 | D:2      | Reached XP level 4. HP: 20/38 MP: 4/4
  2101 | D:3      | Noticed an ogre
  2101 | D:3      | Noticed tidbits's ghost (amateur GnSk)
  2102 | D:3      | Noticed an ogre
  2103 | D:3      | Noticed an ogre
  2104 | D:3      | Found a transporter.
  2104 | D:3      | Found a transporter.
  2173 | D:3      | Reached XP level 5. HP: 16/43 MP: 5/5
  2379 | D:3      | Reached skill level 6 in Long Blades
  2728 | D:3      | Slain by an orc

Vault maps used:
D:1:      minmay_arrival_stair_chambers
D:2:      first_ration
D:3:      gammafunk_ghost_smash

Skill      XL: |  1  2  3  4  5 |
---------------+----------------+-----
Long Blades    | 4 5 6 |  6.1
Fighting       | 4 |  4.7
Armour         | |  0.5
Dodging        | |  3.4
Stealth        | |  1.7

Action                   |  1- 3 |  4- 6 || total
-------------------------+-------+-------++-------
Melee: Falchion          |   115 |   150 ||   265
Throw: Stone             |       |     1 ||     1
 Stab: Sleeping          |     6 |     3 ||     9
  Eat: Chunk             |     1 |     6 ||     7
Armor: Robe              |    17 |    18 ||    35
       Leather armour    |       |     4 ||     4
Dodge: Dodged            |    85 |   123 ||   208
       Rpst.: Falchion   |    22 |    39 ||    61

Table legend:
 A = Non-vault XP
 B = Vault XP
 C = Vault XP percentage of total XP
 D = Non-vault monster count
 E = Vault monster count
 F = Vault count percentage of total count
                 A         B        C        D         E       F
            +---------+---------+-------+---------+---------+-------
      Total |     214 |       0 |   0.0 |      81 |       0 |   0.0
            +---------+---------+-------+---------+---------+-------
        D:1 |      43 |       0 |   0.0 |      26 |       0 |   0.0
        D:2 |      81 |       0 |   0.0 |      24 |       0 |   0.0
        D:3 |      90 |       0 |   0.0 |      31 |       0 |   0.0
            +---------+---------+-------+---------+---------+-------
